TOP OF THE 1ST |
Ft. Worth Cattlemen batting - Pitching for Philadelphia 1776 BC : LHP Raúl Melro
|
Pitching: LHP Raúl Melro
|
|
Batting: LHB Jesús Morales
|
0-0: Ball 1-0: Foul Ball, location: 2F 1-1: Foul Ball, location: 2F 1-2: Foul Ball, location: 2F 1-2: Ball 2-2: Foul Ball, location: 2F 2-2: Ball 3-2: Foul Ball, location: 2F 3-2: Strikes out swinging
|
Batting: RHB Jesús Martínez
|
0-0: Called Strike 0-1: Ball 1-1: SINGLE (Line Drive, 8LS)
|
Batting: RHB Bart Lewis
|
0-0: Ball 1-0: Swinging Strike 1-1: Ball 2-1: Called Strike 2-2: Ball 3-2: Base on Balls Jesús Martínez to second
|
Batting: RHB Gilberto Juárez
|
0-0: Called Strike 0-1: Fielders Choice at 2nd, 5-4 (Groundball, 56) Jesús Martínez to third
|
Batting: SHB Robby Day
|
0-0: Called Strike 0-1: Ball 1-1: Ball 2-1: Foul Ball, location: 2F 2-2: Strikes out looking
|
Top of the 1st over - 0 runs, 1 hit, 0 errors, 2 left on base; Ft. Worth 0 - Philadelphia 1776 0 |
BOTTOM OF THE 1ST |
Philadelphia 1776 BC batting - Pitching for Ft. Worth Cattlemen : RHP Nicholas Wells
|
Pitching: RHP Nicholas Wells
|
|
Batting: LHB José Rodríguez
|
0-0: Called Strike 0-1: Ball 1-1: Fly out, F4 (Line Drive, 4)
|
Batting: LHB Tony Vega
|
0-0: Ball 1-0: Foul Ball, location: 2F 1-1: Ball 2-1: Ball 3-1: Base on Balls
|
Batting: LHB Manoo Satyavrat
|
0-0: Ball 1-0: Ball 2-0: Ball 3-0: Called Strike 3-1: Foul Ball, location: 2F 3-2: Strikes out swinging
|
Batting: LHB Jeff Rutherford
|
0-0: Called Strike Tony Vega steals 2nd base 0-1: Fly out, F8 (Flyball, 8RM)
|
Bottom of the 1st over - 0 runs, 0 hits, 0 errors, 1 left on base; Ft. Worth 0 - Philadelphia 1776 0 |
TOP OF THE 2ND |
Ft. Worth Cattlemen batting - Pitching for Philadelphia 1776 BC : LHP Raúl Melro
|
Batting: LHB Rick Mayfield
|
0-0: Called Strike 0-1: Swinging Strike 0-2: Ball 1-2: Strikes out swinging
|
Batting: LHB Nobuo Yamashita
|
0-0: Called Strike 0-1: Swinging Strike 0-2: Ball 1-2: Ball 2-2: Foul Ball, location: 2F 2-2: Foul Ball, location: 2F 2-2: Ball 3-2: Ground out 5-3 (Groundball, 56)
|
Batting: SHB Javier Vázquez
|
0-0: Called Strike 0-1: Called Strike 0-2: Strikes out swinging
|
Top of the 2nd over - 0 runs, 0 hits, 0 errors, 0 left on base; Ft. Worth 0 - Philadelphia 1776 0 |
BOTTOM OF THE 2ND |
Philadelphia 1776 BC batting - Pitching for Ft. Worth Cattlemen : RHP Nicholas Wells
|
Batting: RHB António Granados
|
0-0: Foul Ball, location: 2F 0-1: Called Strike 0-2: Ball 1-2: Ball 2-2: Ball 3-2: Base on Balls
|
Batting: SHB Jesús Cabańe
|
0-0: Called Strike 0-1: Called Strike 0-2: Ball 1-2: Strikes out swinging
|
Batting: RHB Fernando Rivera
|
0-0: Called Strike 0-1: Foul Ball, location: 2F 0-2: Grounds into double play, 6-4-3 (Groundball, 6)
|
Bottom of the 2nd over - 0 runs, 0 hits, 0 errors, 0 left on base; Ft. Worth 0 - Philadelphia 1776 0 |
TOP OF THE 3RD |
Ft. Worth Cattlemen batting - Pitching for Philadelphia 1776 BC : LHP Raúl Melro
|
Batting: LHB Chris Etheridge
|
0-0: Called Strike 0-1: Ball 1-1: Ball 2-1: Fly out, F9 (Flyball, 9LS)
|
Batting: LHB Jesús Morales
|
0-0: Ball 1-0: Ground out U3 (Groundball, 34)
|
Batting: RHB Jesús Martínez
|
0-0: Ball 1-0: Ground out 4-3 (Groundball, 4S)
|
Top of the 3rd over - 0 runs, 0 hits, 0 errors, 0 left on base; Ft. Worth 0 - Philadelphia 1776 0 |
BOTTOM OF THE 3RD |
Philadelphia 1776 BC batting - Pitching for Ft. Worth Cattlemen : RHP Nicholas Wells
|
Batting: RHB Patrizio Vanali
|
0-0: Called Strike 0-1: Called Strike 0-2: Ball 1-2: Strikes out swinging
|
Batting: RHB John Schnatter
|
0-0: Ball 1-0: Ball 2-0: Fly out, F8 (Flyball, 8LXD)
|
Batting: LHB José Rodríguez
|
0-0: Foul Ball, location: 2F 0-1: Ball 1-1: Ball 2-1: Ball 3-1: Foul Ball, location: 2F 3-2: Ground out U3 (Groundball, 3)
|
Bottom of the 3rd over - 0 runs, 0 hits, 0 errors, 0 left on base; Ft. Worth 0 - Philadelphia 1776 0 |
TOP OF THE 4TH |
Ft. Worth Cattlemen batting - Pitching for Philadelphia 1776 BC : LHP Raúl Melro
|
Batting: RHB Bart Lewis
|
0-0: Foul Ball, location: 2F 0-1: Ball 1-1: Hit by Pitch
|
Batting: RHB Gilberto Juárez
|
0-0: SINGLE (Flyball, 9LS) Bart Lewis to second Runner from 2nd tries for 3rd, SAFE, throw made to third
|
Batting: SHB Robby Day
|
0-0: Called Strike Gilberto Juárez steals 2nd base 0-1: Ball 1-1: SINGLE (Groundball, 56D) Bart Lewis scores Gilberto Juárez to third
|
Batting: LHB Rick Mayfield
|
0-0: Called Strike 0-1: Ball 1-1: Fielders Choice at 2nd, 1-4 (Groundball, 15S)
|
Batting: LHB Nobuo Yamashita
|
0-0: Ball Rick Mayfield steals 2nd base 1-0: Swinging Strike 1-1: Swinging Strike 1-2: Foul Ball, location: 2F 1-2: Ball 2-2: Foul Ball, location: 2F 2-2: Strikes out swinging
|
Batting: SHB Javier Vázquez
|
0-0: Called Strike 0-1: Swinging Strike 0-2: Ball 1-2: Foul Ball, location: 2F 1-2: Strikes out swinging
|
Top of the 4th over - 1 run, 2 hits, 0 errors, 2 left on base; Ft. Worth 1 - Philadelphia 1776 0 |
BOTTOM OF THE 4TH |
Philadelphia 1776 BC batting - Pitching for Ft. Worth Cattlemen : RHP Nicholas Wells
|
Now at 2B: Lloyd Alberink
|
|
Batting: LHB Tony Vega
|
0-0: Called Strike 0-1: Ball 1-1: Ball 2-1: Ball 3-1: Base on Balls
|
Batting: LHB Manoo Satyavrat
|
0-0: Called Strike 0-1: Ball 1-1: Ball 2-1: Ball 3-1: Called Strike 3-2: 2-RUN HOME RUN (Flyball, 9LD), Distance : 337 ft
|
Batting: LHB Jeff Rutherford
|
0-0: Called Strike 0-1: Fly out, F8 (Flyball, 8LXD)
|
Batting: RHB António Granados
|
0-0: Ball 1-0: Ground out 4-3 (Groundball, 4)
|
Batting: SHB Jesús Cabańe
|
0-0: Ball 1-0: Ball 2-0: Ground out U3 (Groundball, 3)
|
Bottom of the 4th over - 2 runs, 1 hit, 0 errors, 0 left on base; Ft. Worth 1 - Philadelphia 1776 2 |
TOP OF THE 5TH |
Ft. Worth Cattlemen batting - Pitching for Philadelphia 1776 BC : LHP Raúl Melro
|
Batting: LHB Chris Etheridge
|
0-0: Called Strike 0-1: SINGLE (Groundball, 6MD)
|
Batting: LHB Jesús Morales
|
0-0: Ball 1-0: Bunt - Flyout! F5
|
Batting: RHB Jesús Martínez
|
0-0: SINGLE (Flyball, 9S) Chris Etheridge to second Runner from 2nd tries for 3rd, SAFE, no throw
|
Batting: RHB Bart Lewis
|
0-0: Ball 1-0: Called Strike 1-1: Ball 2-1: Foul Ball, location: 2F 2-2: Grounds into double play, 1-4-3 (Groundball, 15)
|
Top of the 5th over - 0 runs, 2 hits, 0 errors, 1 left on base; Ft. Worth 1 - Philadelphia 1776 2 |
BOTTOM OF THE 5TH |
Philadelphia 1776 BC batting - Pitching for Ft. Worth Cattlemen : RHP Nicholas Wells
|
Batting: RHB Fernando Rivera
|
0-0: Foul Ball, location: 2F 0-1: Called Strike 0-2: Ground out 5-3 (Groundball, 56)
|
Batting: RHB Patrizio Vanali
|
0-0: Called Strike 0-1: Called Strike 0-2: Ball 1-2: Ball 2-2: Foul Ball, location: 2F 2-2: Ball 3-2: Ground out 6-3 (Groundball, 6)
|
Batting: RHB John Schnatter
|
0-0: Ball 1-0: Foul Ball, location: 2F 1-1: Called Strike 1-2: Ball 2-2: Strikes out swinging
|
Bottom of the 5th over - 0 runs, 0 hits, 0 errors, 0 left on base; Ft. Worth 1 - Philadelphia 1776 2 |
TOP OF THE 6TH |
Ft. Worth Cattlemen batting - Pitching for Philadelphia 1776 BC : LHP Raúl Melro
|
Batting: RHB Gilberto Juárez
|
0-0: Ball 1-0: Called Strike 1-1: Ground out 4-3 (Groundball, 4M)
|
Batting: RHB Lloyd Alberink
|
0-0: Swinging Strike 0-1: Ball 1-1: Ball 2-1: Ball 3-1: Base on Balls
|
Batting: LHB Rick Mayfield
|
0-0: Ball 1-0: Called Strike 1-1: Fielders Choice at 2nd, 4-6 (Groundball, 4D)
|
Batting: LHB Nobuo Yamashita
|
0-0: Ball Rick Mayfield steals 2nd base 1-0: Called Strike 1-1: Foul Ball, location: 2F 1-2: Strikes out swinging
|
Top of the 6th over - 0 runs, 0 hits, 0 errors, 1 left on base; Ft. Worth 1 - Philadelphia 1776 2 |
BOTTOM OF THE 6TH |
Philadelphia 1776 BC batting - Pitching for Ft. Worth Cattlemen : RHP Nicholas Wells
|
Batting: LHB José Rodríguez
|
0-0: Foul Ball, location: 2F 0-1: Ball 1-1: Ball 2-1: Foul Ball, location: 2F 2-2: Ball 3-2: Ground out 5-3 (Groundball, 56S)
|
Batting: LHB Tony Vega
|
0-0: Called Strike 0-1: Ball 1-1: Ball 2-1: Ball 3-1: Called Strike 3-2: Foul Ball, location: 2F 3-2: Fly out, F9 (Flyball, 9LSF)
|
Batting: LHB Manoo Satyavrat
|
0-0: Called Strike 0-1: Ball 1-1: Ground out 4-3 (Groundball, 4S)
|
Bottom of the 6th over - 0 runs, 0 hits, 0 errors, 0 left on base; Ft. Worth 1 - Philadelphia 1776 2 |
TOP OF THE 7TH |
Ft. Worth Cattlemen batting - Pitching for Philadelphia 1776 BC : LHP Raúl Melro
|
Batting: SHB Javier Vázquez
|
0-0: Ball 1-0: Fly out, F9 (Flyball, 9S)
|
Batting: LHB Chris Etheridge
|
0-0: Fly out, F9 (Flyball, 89M)
|
Batting: LHB Jesús Morales
|
0-0: Foul Ball, location: 2F 0-1: Foul Ball, location: 2F 0-2: SOLO HOME RUN (Line Drive, 89XD), Distance : 429 ft
|
Batting: RHB Jesús Martínez
|
0-0: Ball 1-0: Foul Ball, location: 2F 1-1: Ball 2-1: Ball 3-1: Base on Balls
|
Pitching: RHP Bernardo Valdés
|
|
Batting: RHB Bart Lewis
|
0-0: Ball 1-0: Swinging Strike 1-1: Swinging Strike 1-2: Ball 2-2: Fly out, F7 (Flyball, 7D)
|
Top of the 7th over - 1 run, 1 hit, 0 errors, 1 left on base; Ft. Worth 2 - Philadelphia 1776 2 |
BOTTOM OF THE 7TH |
Philadelphia 1776 BC batting - Pitching for Ft. Worth Cattlemen : RHP Nicholas Wells
|
Batting: LHB Jeff Rutherford
|
0-0: Ball 1-0: Called Strike 1-1: Ground out 1-3 (Groundball, P)
|
Batting: RHB António Granados
|
0-0: Called Strike 0-1: Ball 1-1: Ball 2-1: Ground out 6-3 (Groundball, 6)
|
Batting: SHB Jesús Cabańe
|
0-0: Ball 1-0: Called Strike 1-1: Called Strike 1-2: Ball 2-2: Foul Ball, location: 2F 2-2: Strikes out swinging
|
Bottom of the 7th over - 0 runs, 0 hits, 0 errors, 0 left on base; Ft. Worth 2 - Philadelphia 1776 2 |
TOP OF THE 8TH |
Ft. Worth Cattlemen batting - Pitching for Philadelphia 1776 BC : RHP Bernardo Valdés
|
Batting: RHB Gilberto Juárez
|
0-0: Swinging Strike 0-1: Foul Ball, location: 2F 0-2: Ball 1-2: Strikes out swinging
|
Batting: RHB Lloyd Alberink
|
0-0: Ball 1-0: Ball 2-0: Ball 3-0: Base on Balls
|
Batting: LHB Rick Mayfield
|
0-0: Swinging Strike 0-1: Swinging Strike 0-2: Foul Ball, location: 2F 0-2: Strikes out swinging
|
Batting: LHB Nobuo Yamashita
|
0-0: Foul Ball, location: 2F 0-1: Foul Ball, location: 2F 0-2: Ball 1-2: Fielders Choice at 2nd, 6-4 (Groundball, 6)
|
Top of the 8th over - 0 runs, 0 hits, 0 errors, 1 left on base; Ft. Worth 2 - Philadelphia 1776 2 |
BOTTOM OF THE 8TH |
Philadelphia 1776 BC batting - Pitching for Ft. Worth Cattlemen : RHP Nicholas Wells
|
Pitching: LHP Bartolomeu Lio
|
|
Batting: RHB Fernando Rivera
|
0-0: Fly out, F8 (Flyball, 8RD)
|
Batting: RHB Patrizio Vanali
|
0-0: Ball 1-0: Called Strike 1-1: Ball 2-1: Called Strike 2-2: Ground out 4-3 (Groundball, 4)
|
Batting: RHB John Schnatter
|
0-0: Fly out, F9 (Flyball, 9LSF)
|
Bottom of the 8th over - 0 runs, 0 hits, 0 errors, 0 left on base; Ft. Worth 2 - Philadelphia 1776 2 |
TOP OF THE 9TH |
Ft. Worth Cattlemen batting - Pitching for Philadelphia 1776 BC : RHP Bernardo Valdés
|
Pitching: RHP Carlos Ramos
|
|
Batting: SHB Javier Vázquez
|
0-0: Ball 1-0: Called Strike 1-1: Swinging Strike 1-2: Ball 2-2: Ball 3-2: Strikes out swinging
|
Batting: LHB Chris Etheridge
|
0-0: Ball 1-0: Swinging Strike 1-1: Ball 2-1: Ball 3-1: Base on Balls
|
Batting: LHB Jesús Morales
|
0-0: Called Strike 0-1: Swinging Strike 0-2: Ball 1-2: Strikes out swinging
|
Pinch Hitting: SHB Marcos Roa
|
0-0: Called Strike 0-1: Called Strike 0-2: Ball 1-2: Ball 2-2: Fly out, F9 (Flyball, 9)
|
Top of the 9th over - 0 runs, 0 hits, 0 errors, 1 left on base; Ft. Worth 2 - Philadelphia 1776 2 |
BOTTOM OF THE 9TH |
Philadelphia 1776 BC batting - Pitching for Ft. Worth Cattlemen : LHP Bartolomeu Lio
|
Pitching: LHP Asher Spivey
|
|
Now at 2B: Tim Burney
|
|
Batting: LHB José Rodríguez
|
0-0: Called Strike 0-1: Ball 1-1: Ball 2-1: Ground out 5-3 (Groundball, 5)
|
Pinch Hitting: RHB Dave Morris
|
0-0: Ball 1-0: Called Strike 1-1: Foul Ball, location: 2F 1-2: Ball 2-2: Ball 3-2: Base on Balls
|
Batting: LHB Manoo Satyavrat
|
0-0: Called Strike 0-1: Foul Ball, location: 2F 0-2: Ball 1-2: Strikes out swinging
|
Batting: LHB Jeff Rutherford
|
0-0: Called Strike 0-1: Ball 1-1: Ball 2-1: Ball 3-1: Swinging Strike 3-2: Strikes out swinging
|
Bottom of the 9th over - 0 runs, 0 hits, 0 errors, 1 left on base; Ft. Worth 2 - Philadelphia 1776 2 |
TOP OF THE 10TH |
Ft. Worth Cattlemen batting - Pitching for Philadelphia 1776 BC : RHP Carlos Ramos
|
Now in LF: Dave Morris
|
|
Batting: RHB Bart Lewis
|
0-0: Called Strike 0-1: Ball 1-1: Called Strike 1-2: Foul Ball, location: 2F 1-2: Foul Ball, location: 2F 1-2: Fly out, F7 (Flyball, 78M)
|
Batting: RHB Gilberto Juárez
|
0-0: Called Strike 0-1: Foul Ball, location: 2F 0-2: Strikes out swinging
|
Batting: RHB Lloyd Alberink
|
0-0: Called Strike 0-1: Swinging Strike 0-2: Ball 1-2: Fly out, F8 (Flyball, 89XD)
|
Top of the 10th over - 0 runs, 0 hits, 0 errors, 0 left on base; Ft. Worth 2 - Philadelphia 1776 2 |
BOTTOM OF THE 10TH |
Philadelphia 1776 BC batting - Pitching for Ft. Worth Cattlemen : LHP Asher Spivey
|
Batting: RHB António Granados
|
0-0: Ball 1-0: Called Strike 1-1: Ball 2-1: Reached on error, E1 (Groundball, 15)
|
Batting: SHB Jesús Cabańe
|
0-0: Ball 1-0: Ball 2-0: Ball 3-0: Base on Balls António Granados to second
|
Pitching: LHP Jason Horne
|
|
Batting: RHB Fernando Rivera
|
0-0: Ball 1-0: Foul Ball, location: 2F 1-1: Ball 2-1: Foul Ball, location: 2F 2-2: Strikes out swinging
|
Batting: RHB Patrizio Vanali
|
0-0: Swinging Strike 0-1: Swinging Strike 0-2: Ball 1-2: Strikes out looking
|
Batting: RHB John Schnatter
|
0-0: Ball 1-0: Fly out, F8 (Flyball, 8LD)
|
Bottom of the 10th over - 0 runs, 0 hits, 1 error, 2 left on base; Ft. Worth 2 - Philadelphia 1776 2 |
TOP OF THE 11TH |
Ft. Worth Cattlemen batting - Pitching for Philadelphia 1776 BC : RHP Carlos Ramos
|
Pitching: LHP Pedro Garza
|
|
Batting: LHB Rick Mayfield
|
0-0: Called Strike 0-1: Called Strike 0-2: Ball 1-2: Ball 2-2: Strikes out swinging
|
Batting: LHB Nobuo Yamashita
|
0-0: Ball 1-0: Ball 2-0: Ball 3-0: Called Strike 3-1: Foul Ball, location: 2F 3-2: Strikes out swinging
|
Batting: SHB Javier Vázquez
|
0-0: Swinging Strike 0-1: Fly out, F3 (Popup, 3L)
|
Top of the 11th over - 0 runs, 0 hits, 0 errors, 0 left on base; Ft. Worth 2 - Philadelphia 1776 2 |
BOTTOM OF THE 11TH |
Philadelphia 1776 BC batting - Pitching for Ft. Worth Cattlemen : LHP Jason Horne
|
Batting: LHB José Rodríguez
|
0-0: Ball 1-0: Foul Ball, location: 2F 1-1: Called Strike 1-2: Ball 2-2: DOUBLE (Line Drive, 89D)
|
Batting: RHB Dave Morris
|
0-0: Swinging Strike 0-1: Called Strike 0-2: Ball 1-2: Fly out, F8 (Line Drive, 8LD) Runner from 2nd tags up, SAFE at 3rd with throw
|
Batting: LHB Manoo Satyavrat
|
0-0: Intentional Walk
|
Batting: LHB Jeff Rutherford
|
0-0: Called Strike 0-1: Ball 1-1: Ball 2-1: Foul Ball, location: 2F 2-2: Foul Ball, location: 2F 2-2: Ball 3-2: Strikes out swinging Manoo Satyavrat steals 2nd base Batter strikes out.
|
Pitching: RHP Darren Garland
|
|
Batting: RHB António Granados
|
0-0: Foul Ball, location: 2F 0-1: Ball 1-1: Ball 2-1: SINGLE (Groundball, 3S) (infield hit) José Rodríguez scores
|
Tuesday, December 19th, 2017 - OOTP Baseball 18.8 Build 76
|
|